 Dungeon Crawl Stone Soup version 0.28-a0-1038-g9c4cb8273d (webtiles) character file.

Game seed: 10592564340307864529

388002 kae the Axe Maniac (level 23, -4/222 HPs)
             Began as a Hill Orc Fighter on Dec 8, 2021.
             Was the Champion of Qazlal.
             Killed from afar by a rakshasa (8 damage)
             ... with a lance of force
             ... summoned by a strange machine
             ... while petrified by a living spell
             ... in a wizard's laboratory.
             The game lasted 00:55:31 (41706 turns).

kae the Axe Maniac (Hill Orc Fighter)              Turns: 41706, Time: 00:55:32

Health: -4/222     AC: 39    Str: 38    XL:     23   Next: 4%
Magic:  38/38      EV:  2    Int: 19    God:    Qazlal [******]
Gold:   4305       SH:  0    Dex: 17    Spells: 22/22 levels left

rFire   . . .      SeeInvis .   n - +7 battleaxe of Wuhujiqua {vorpal, rCorr}
rCold   + . .      Faith    .   (shield currently unavailable)
rNeg    + + +      Spirit   .   p - +3 gold dragon scales of Precision Catastrophes {+Blink Fly rElec rPois rF+ rC+ Int-4}
rPois   ∞          Reflect  +   B - +1 hat
rElec   +          Harm     .   J - +2 cloak of the Valley {Regen+ Int+2 Dex+4}
rCorr   +          Rampage  +   F - +0 pair of fencer's gloves {Riposte Dex+3}
Will    ++...                   s - +2 pair of boots {rampage}
Stlth   ..........              y - amulet "Veatuem" {Reflect Int+6 SH+5}
HPRegen 1.27/turn               h - ring of willpower
MPRegen 0.26/turn               I - ring "Omnunowo" {rElec rF- Str+6 Int+7 Stlth-}

@: petrified, protected from physical damage, flying, studying Summonings, repel
missiles
A: fangs 1, passive freeze, strong 1
}: 2/15 runes: decaying, gossamer
a: Renounce Religion, Evoke Blink, Upheaval, Elemental Force, Disaster Area


You were in a wizard's laboratory.
You worshipped Qazlal.
Qazlal was exalted by your worship.
You visited 8 branches of the dungeon, and saw 39 of its levels.
You also visited: Ossuary, Bailey and Wizlab.

You collected 5807 gold pieces.
You spent 1502 gold pieces at shops.

Inventory:

Hand Weapons
 f - a +1 executioner's axe of pain
 n - the +7 battleaxe of Wuhujiqua (weapon) {vorpal, rCorr}
   (You bought it in a shop on level 12 of the Dungeon)

   It inflicts extra damage upon your enemies.
   rCorr:     It protects you from acid and corrosion.
Missiles
 E - 6 throwing nets (quivered)
Armour
 p - the +3 gold dragon scales of Precision Catastrophes (worn) {+Blink Fly rElec rPois rF+ rC+ Int-4}
   (You found it in a bailey)

   Int:       It affects your intelligence (-4).
   rF:        It protects you from fire.
   rC:        It protects you from cold.
   rElec:     It insulates you from electricity.
   rPois:     It protects you from poison.
   Fly:       It grants you flight.
   +Blink:    It lets you blink.
 s - a +2 pair of boots of rampaging (worn)
 B - a +1 hat (worn)
 F - the +0 pair of fencer's gloves (worn) {Riposte Dex+3}
   (You acquired it on level 13 of the Dungeon)

   It allows the wearer to riposte with melee weapons, swiftly retaliating
   against missed attacks.
   Dex:       It affects your dexterity (+3).
 J - the +2 cloak of the Valley (worn) {Regen+ Int+2 Dex+4}
   (You found it on level 3 of the Elven Halls)

   Int:       It affects your intelligence (+2).
   Dex:       It affects your dexterity (+4).
   Regen:     It increases your rate of health regeneration.
Jewellery
 h - a ring of willpower (left hand)
 i - a ring of protection from cold
 m - a ring of willpower
 t - a +6 ring of intelligence
 v - a ring of protection from fire
 y - the amulet "Veatuem" (around neck) {Reflect Int+6 SH+5}
   (You took it off a deep elf blademaster on level 3 of the Elven Halls)

   [amulet of reflection]

   It reflects blocked missile attacks.
   Int:       It affects your intelligence (+6).
   SH:        It affects your SH (+5).
 I - the ring "Omnunowo" (right hand) {rElec rF- Str+6 Int+7 Stlth-}
   (You took it off a deep elf annihilator on level 3 of the Elven Halls)

   [ring of strength]

   Str:       It affects your strength (+6).
   Int:       It affects your intelligence (+7).
   rF:        It makes you vulnerable to fire.
   rElec:     It insulates you from electricity.
   Stlth:     It makes you less stealthy.
 N - a ring of resist corrosion
 P - a +4 ring of protection
 U - a ring of protection from cold
 W - a ring of positive energy
 Z - a ring of willpower
Wands
 e - a wand of paralysis (28)
 A - a wand of flame (55)
 G - a wand of acid (16)
 H - a wand of polymorph (14)
 L - a wand of mindburst (10)
 Q - a wand of digging (16)
 R - a wand of iceblast (27)
Scrolls
 a - a scroll of enchant weapon
 b - 2 scrolls of silence
 c - 4 scrolls of enchant armour
 x - 6 scrolls of fear
 C - 3 scrolls of brand weapon
 D - 13 scrolls of teleportation
 O - 30 scrolls of identify
 S - 3 scrolls of blinking
 T - a scroll of summoning
 Y - 5 scrolls of fog
Potions
 d - 12 potions of might
 g - 5 potions of mutation
 j - 4 potions of magic
 k - 7 potions of lignification
 l - 15 potions of curing
 o - 2 potions of resistance
 q - 3 potions of attraction
 r - 8 potions of invisibility
 u - 6 potions of haste
 w - 8 potions of heal wounds
 M - 2 potions of cancellation
 V - a potion of ambrosia
 X - a potion of berserk rage


   Skills:
 + Level 21.7 Fighting
 O Level 27 Axes
 + Level 20.1 Armour
 + Level 12.7 Dodging
 - Level 4.0 Shields
 + Level 23.2 Invocations
 + Level 5.2 Evocations


You had 22 spell levels left.
You didn't know any spells.
Your spell library contained the following spells:

 Spells                   Type           Power      Damage    Failure   Level
 Animate Skeleton         Necr           0%         N/A       78%         1
 Apportation              Tloc           0%         N/A       78%         1
 Beastly Appendage        Tmut           0%         N/A       78%         1
 Magic Dart               Conj           0%         1d3       78%         1
 Pain                     Necr           0%         1d4       78%         1
 Sandblast                Erth           0%         2d4       78%         1
 Shock                    Conj/Air       0%         1d3       78%         1
 Slow                     Hex            0%         N/A       78%         1
 Sting                    Tmut/Pois      0%         1d3       78%         1
 Summon Small Mammal      Summ           0%         N/A       78%         1
 Call Imp                 Summ           0%         N/A       89%         2
 Corpse Rot               Necr/Air       0%         N/A       89%         2
 Passwall                 Tmut/Erth      0%         N/A       89%         2
 Static Discharge         Conj/Air       0%         N/A       89%         2
 Sublimation of Blood     Necr           0%         N/A       89%         2
 Wereblood                Tmut           0%         N/A       89%         2
 Call Canine Familiar     Summ           0%         N/A       98%         3
 Confusing Touch          Hex            0%         N/A       98%         3
 Dazzling Flash           Conj/Hex       0%         N/A       98%         3
 Gell's Gravitas          Tloc           0%         N/A       98%         3
 Ignite Poison            Fire/Tmut/Pois 0%         N/A       98%         3
 Lesser Beckoning         Tloc           0%         N/A       98%         3
 Mephitic Cloud           Conj/Pois/Air  0%         N/A       98%         3
 Ozocubu's Armour         Ice            0%         N/A       98%         3
 Spider Form              Tmut/Pois      0%         N/A       98%         3
 Stone Arrow              Conj/Erth      0%         3d7       98%         3
 Summon Guardian Golem    Hex/Summ       0%         N/A       98%         3
 Teleport Other           Tloc           0%         N/A       98%         3
 Vampiric Draining        Necr           0%         2d6       98%         3
 Animate Armour           Summ/Erth      0%         N/A       100%        4
 Cause Fear               Hex            0%         N/A       100%        4
 Dispel Undead            Necr           0%         3d6       100%        4
 Hailstorm                Conj/Ice       0%         3d3       100%        4
 Ice Form                 Ice/Tmut       0%         N/A       100%        4
 Agony                    Necr           0%         N/A       100%        5
 Lightning Bolt           Conj/Air       0%         1d11      100%        5
 Silence                  Hex/Air        0%         N/A       100%        5
 Yara's Violent Unravell  Hex/Tmut       0%         3d3       100%        5
 Conjure Ball Lightning   Conj/Air       0%         3x3d6     100%        6
 Death Channel            Necr           0%         N/A       100%        6
 Eringya's Noxious Bog    Tmut/Pois      0%         N/A       100%        6
 Simulacrum               Ice/Necr       0%         N/A       100%        6
 Statue Form              Tmut/Erth      0%         N/A       100%        6
 Dragon Form              Tmut           0%         N/A       100%        7
 Malign Gateway           Summ/Tloc      0%         N/A       100%        7
 Ozocubu's Refrigeration  Ice            0%         4d5       100%        7
 Summon Hydra             Summ           0%         N/A       100%        7
 Borgnjor's Revivificati  Necr           0%         N/A       100%        8
 Discord                  Hex            0%         N/A       100%        8
 Disjunction              Tloc           0%         N/A       100%        8
 Lehudib's Crystal Spear  Conj/Erth      0%         10d2      100%        8
 Maxwell's Capacitive Co  Air            0%         ∞         100%        8
 Necromutation            Tmut/Necr      0%         N/A       100%        8
 Summon Horrible Things   Summ           0%         N/A       100%        8
 Dragon's Call            Summ           0%         N/A       100%        9


Dungeon Overview and Level Annotations

Branches:
Dungeon (15/15)            Temple (1/1) D:5            Lair (6/6) D:11
  Swamp (4/4) Lair:2       Spider (4/4) Lair:2        Slime (0/5) Lair:6
    Orc (2/2) D:11            Elf (3/3) Orc:2        Vaults (4/5) D:13
  Crypt (0/3) Vaults:3     Depths (0/4) D:15        Ossuary (visited)
 Bailey (visited)          WizLab (1/1)

Altars:
Ashenzari
Cheibriados
Dithmenos
Elyvilon
Fedhas
Gozag
Hepliaklqana
Kikubaaqudgha
Makhleb
Nemelex Xobeh
Okawaru
Qazlal
Ru
Sif Muna
Trog
Uskayaw
Vehumet
Wu Jian
Xom
Yredelemnul
Zin
The Shining One
Beogh
Jiyva

Shops:
D:8 ?   D:9 *   D:12 (   Orc:1 *:   Orc:2 *[!=   Elf:2 [   Elf:3 ::=
Vaults:1 [   Vaults:2 (([   Vaults:4 [

Portals:
Pandemonium: Orc:2

Annotations:
Spider:2 1 runed translucent door, Xitiatz's ghost, journeyman DDFi


Innate Abilities, Weirdness & Mutations

You have very sharp teeth.
A frigid envelope surrounds you and freezes all who hurt you.
Your muscles are strong. (Str +2)


Message History

The walking earthen tome is almost destroyed.
The rakshasa hits you but does no damage.
The rakshasa is very cold.
The rakshasa is heavily wounded.
The injured rakshasa weaves a defensive illusion!
The rakshasa gestures at you.
The lance of force hits you but does no damage.
You feel more protected from physical attacks.
The +3 flail of draining is engulfed in blazing flames.
The +3 flail of draining hits you.
* * * LOW HITPOINT WARNING * * *
You feel more protected from physical attacks.
The rakshasa hits you from afar with a +0 trident!
* * * LOW HITPOINT WARNING * * *
The rakshasa hits you with a +0 long sword.
* * * LOW HITPOINT WARNING * * *
You feel more protected from physical attacks.
The rakshasa is very cold.
The rakshasa is almost dead.
The walking earthen tome erupts in a flurry of living spells!
The +3 flail of draining hits you!
* * * LOW HITPOINT WARNING * * *
The rakshasa hits you from afar with a +0 trident!
* * * LOW HITPOINT WARNING * * *
The rakshasa gestures at you.
The lance of force hits you but does no damage.
You feel more protected from physical attacks.
The rakshasa is engulfed in freezing vapours.
The rakshasa hits you with a +0 whip.
* * * LOW HITPOINT WARNING * * *
The rakshasa is very cold.
You kill the rakshasa!
The rakshasa shimmers and vanishes!
The +3 flail of draining hits you but does no damage.
The +3 flail of draining completely resists.
The rakshasa hits you from afar with a +0 trident!
* * * LOW HITPOINT WARNING * * *
The rakshasa gestures at you. The lance of force hits you!
You die...

##...).##
###...###
###)###
###...###
##.....##
##..⌠..##
##..○RR##
###§R○###
###@### ##;(R##
###RR@(.###
....*R*8*.R....
##..R.....R..##
#####.....#####
####::[:}####
#######


You could see a walking earthen tome, a strange machine, 10 rakshasas, 2 dancing
weapons, kae's illusion and 3 living spells.

Vanquished Creatures
  Mennas (Vaults:2)
  Bai Suzhen (Spider:4)
  Margery (Vaults:4)
  Nikola (Swamp:1)
  Jorgrun (Spider:1)
  A tentacled monstrosity (Vaults:2)
  Asterion (Spider:1)
  Mlioglotl (Swamp:1)
  2 walking divine tomes (WizLab)
  3 deep elf blademasters
  2 deep elf master archers (Elf:3)
  Kirke (Swamp:2)
  A sphinx (Vaults:4)
  A tengu reaver (Vaults:2)
  Donald (Elf:3)
  A thorn hunter (Swamp:3)
  Roxanne (Spider:2)
  A fenstrider witch (Swamp:4)
  A strange machine (WizLab)
  11 vault wardens
  The ghost of Buesefypo the Thrower, an adept VSAM of Trog (Spider:1)
  3 frost giants
  Louise (Spider:1)
  3 ghost moths
  5 orc warlords
  5 deep elf sorcerers
  8 emperor scorpions
  2 ghouls (Swamp:3)
  A deep elf elementalist (Elf:3)
  12 very ugly things
  2 war gargoyles
  9 ironbound preservers
  3 vampire knights (Vaults:3)
  Nessos (Lair:6)
  2 green draconians (Swamp:3)
  5 deep elf annihilators
  5 eleionomae
  3 bunyips
  2 deep elf demonologists (Elf:3)
  Azrael (Spider:1)
  5 entropy weavers
  4 dire elephants (Vaults:1)
  2 spark wasps
  2 ettins
  5 deep elf death magi
  2 shambling mangroves (Swamp:3)
  3 deep elf high priests
  3 fire dragons
  Josephine (D:14)
  11 ironbound thunderhulks
  5 yaktaur captains
  9 vault guards
  8 rakshasas
  25 hydras
  6 great orbs of eyes
  3 peacekeepers
  The ghost of tilp the Destroyer, a journeyman FeIE of Ru (D:13)
  Harold (D:8)
  4 boulder beetles
  2 demonspawn (Orc:2)
  2 catoblepae (Lair:6)
  2 ghost crabs
  5 ironbound frosthearts
  5 two-headed ogres
  19 alligators
  16 centaur warriors
  2 death knights
  35 dancing weapons
  16 death yaks
  5 orc high priests
  Sonja (Lair:5)
  5 hell knights (Vaults:4)
  25 deep elf knights
  Nergalle (D:12)
  A sixfirhy (Orc:2)
  2 fire crabs
  A death drake (Swamp:2)
  8 swamp dragons
  5 goliath frogs
  5 skeletal warriors
  A death drake (shapeshifter) (D:15)
  9 deep trolls (Vaults:2)
  18 deep elf archers
  3 spriggan druids
  2 glowing orange brains
  26 ironbound convokers
  27 deep elf zephyrmancers
  A harpy (shapeshifter) (Elf:3)
  11 lindwurms
  4 bog bodies
  The ghost of Aschurig the Nimble, a novice FeCj of Sif Muna (Lair:2)
  4 harpies (Vaults:1)
  17 orc knights
  15 wizards
  2 phantasmal warriors
  36 wolf spiders
  10 orc sorcerers
  2 necromancers
  46 deep elf pyromancers
  A manticore (Lair:6)
  16 orb spiders
  40 ugly things
  A will-o-the-wisp (Swamp:2)
  A stone giant zombie (Vaults:3)
  20 elephants
  A moth of wrath (Spider:2)
  2 cyclopes
  A human skeleton (Vaults:3)
  5 torpor snails
  10 black mambas
  17 vault sentinels
  A smoke demon (Orc:2)
  16 cane toads
  2 unseen horrors
  2 freezing wraiths
  15 demonic crawlers
  A gargoyle (D:11)
  4 rime drakes
  8 yaktaurs
  An efreet (D:14)
  16 komodo dragons
  3 meliai (D:14)
  33 jumping spiders
  4 trolls
  3 polar bears (Lair:6)
  7 tyrant leeches
  20 hornets
  A dream sheep (shapeshifter) (Elf:1)
  32 slime creatures
  18 blink frogs
  A slime creature (shapeshifter) (D:15)
  18 dream sheep
  An air elemental (Elf:2)
  78 redbacks
  2 shadows (D:12)
  25 spriggans
  38 tarantellas
  4 water elementals
  3 vampires
  A ynoxinul (Orc:2)
  46 yaks
  2 fire bats (Swamp:4)
  6 wraiths
  12 wyverns
  A yak (shapeshifter) (Elf:1)
  An ettin skeleton (Vaults:3)
  Eustachio (D:5)
  6 basilisks
  10 fire elementals
  21 vampire mosquitoes
  3 hogs (Swamp:2)
  9 steam dragons
  13 swamp worms
  3 wargs (Orc:2)
  An acid dragon (D:12)
  2 hell hounds (Spider:1)
  14 water moccasins
  32 orc warriors
  9 swamp drakes
  2 sky beasts (D:7)
  2 ice beasts
  5 black bears
  3 necrophages
  11 ogres
  45 wolves
  4 boggarts (Lair:6)
  5 centaurs
  6 kobold brigands
  23 bullfrogs
  4 earth elementals
  A gnoll sergeant (D:12)
  18 scorpions
  3 wights (D:9)
  2 howler monkeys
  4 electric eels
  3 bullfrog zombies
  5 centaur zombies
  3 hounds
  2 human zombies
  A jelly (D:7)
  27 orc priests
  2 gnoll shamans
  2 bullfrog skeletons (D:5)
  An iguana (D:5)
  8 scorpion zombies
  18 orc wizards
  3 mummies (Ossuary)
  3 howler monkey zombies
  Robin (D:2)
  14 adders
  13 gnolls
  A white imp (D:6)
  3 worms
  A dart slug (D:1)
  91 orcs
  9 endoplasms
  3 giant cockroaches
  2 gnoll zombies (Ossuary)
  13 goblins
  10 hobgoblins
  3 jackals (D:1)
  2 quokkas
  8 ball pythons
  6 bats
  2 frilled lizards
  3 goblin zombies (Ossuary)
  3 hobgoblin zombies (Ossuary)
  A jackal skeleton (D:4)
  36 kobolds
  An orc zombie (Ossuary)
  3 rats
  11 briar patches (Swamp:3)
1727 creatures vanquished.

Vanquished Creatures (others)
  A walking earthen tome (WizLab)
  2 hydras (Swamp:1)
  A fire crab (Swamp:4)
  A deep elf knight (Elf:1)
  A wizard (Vaults:1)
  A wolf spider (Spider:1)
  4 bloated husks
  A hornet (Swamp:2)
  2 tarantellas (Spider:1)
  2 spriggans (Swamp:2)
  3 swamp worms
  2 swamp drakes (Swamp:4)
  A gnoll (D:12)
  2 foxfires (Swamp:2)
  42 fungi
  99 plants
  2 starspawn tentacles (Swamp:1)
167 creatures vanquished.

Grand Total: 1894 creatures vanquished

Notes
Turn   | Place    | Note
-------+----------+-------------------------------------------
     0 | D:1      | kae the Hill Orc Fighter began the quest for the Orb.
     0 | D:1      | Reached XP level 1. HP: 19/19 MP: 1/1
    41 | D:1      | Reached skill level 3 in Axes
    49 | D:1      | Reached XP level 2. HP: 26/26 MP: 2/2
   740 | D:1      | Reached XP level 3. HP: 27/31 MP: 3/3
  1211 | D:2      | Found a faded altar of an unknown god.
  1217 | D:2      | Reached skill level 4 in Axes
  1313 | D:2      | Gained mutation: A frigid envelope surrounds you and
                  | freezes all who hurt you. [potion of mutation]
  1313 | D:2      | Gained mutation: Your muscles are strong. (Str +2) [potion
                  | of mutation]
  1313 | D:2      | Gained mutation: You have very sharp teeth. [potion of
                  | mutation]
  1940 | D:3      | Noticed Robin
  1951 | D:2      | Reached skill level 5 in Axes
  1951 | D:2      | Reached XP level 4. HP: 31/39 MP: 4/4
  2131 | D:2      | Killed Robin
  2257 | D:3      | Reached skill level 6 in Axes
  2257 | D:3      | Reached XP level 5. HP: 45/45 MP: 5/5
  2509 | D:3      | Reached skill level 7 in Axes
  2864 | D:4      | Reached XP level 6. HP: 51/51 MP: 6/6
  2949 | D:4      | Reached skill level 8 in Axes
  3498 | D:5      | Entered Level 5 of the Dungeon
  3617 | D:5      | Found a sand-covered staircase.
  3630 | Ossuary  | Entered an ossuary
  3645 | Ossuary  | Reached skill level 9 in Axes
  3645 | Ossuary  | Reached XP level 7. HP: 57/57 MP: 7/7
  3672 | Ossuary  | Reached skill level 10 in Axes
  3916 | Ossuary  | Reached skill level 11 in Axes
  3916 | Ossuary  | Reached XP level 8. HP: 42/64 MP: 8/8
  4147 | Ossuary  | Reached skill level 12 in Axes
  4534 | Ossuary  | Reached skill level 13 in Axes
  4991 | D:5      | Found a staircase to the Ecumenical Temple.
  5017 | Temple   | Entered the Ecumenical Temple
  5349 | Temple   | Became a worshipper of Qazlal Stormbringer
  5456 | D:5      | Reached skill level 14 in Axes
  5476 | D:5      | Reached XP level 9. HP: 59/70 MP: 9/9
  6087 | D:5      | Noticed Eustachio
  6105 | D:5      | Killed Eustachio
  6106 | D:5      | Reached skill level 15 in Axes
  6979 | D:6      | Reached * piety under Qazlal
  6996 | D:6      | Reached skill level 16 in Axes
  7625 | D:6      | Reached skill level 1 in Invocations
  8425 | D:7      | Noticed a two-headed ogre
  8434 | D:7      | Killed a two-headed ogre
  8435 | D:7      | Reached skill level 5 in Fighting
  8435 | D:7      | Reached skill level 5 in Armour
  8435 | D:7      | Reached XP level 10. HP: 25/81 MP: 10/13
  9252 | D:7      | Reached skill level 5 in Invocations
  9612 | D:8      | Reached ** piety under Qazlal
  9626 | D:8      | Found a sacrificial altar of Ru.
  9769 | D:8      | Found Jefoito's Magic Scroll Emporium.
  9786 | D:8      | Bought a scroll of identify for 26 gold pieces
  9786 | D:8      | Bought a scroll of teleportation for 39 gold pieces
  9786 | D:8      | Bought a scroll of teleportation for 39 gold pieces
  9792 | D:8      | Noticed Harold
  9812 | D:8      | Killed Harold
 10311 | D:9      | Found Qyemaemm's Assorted Antiques.
 10512 | D:9      | Noticed a cyclops
 10520 | D:9      | Killed a cyclops
 11209 | D:9      | Reached XP level 11. HP: 91/94 MP: 16/16
 11327 | D:10     | Entered Level 10 of the Dungeon
 11351 | D:10     | Found a flagged portal.
 11372 | Bailey   | Entered a bailey
 11563 | Bailey   | Reached *** piety under Qazlal
 11601 | Bailey   | Noticed an orc knight
 11876 | Bailey   | Killed an orc knight
 12091 | Bailey   | Identified the +3 gold dragon scales of Precision
                  | Catastrophes {+Blink Fly rElec rPois rF+ rC+ Int-4}
 12525 | D:10     | Noticed a two-headed ogre
 12533 | D:10     | Killed a two-headed ogre
 12603 | D:10     | Noticed a centaur warrior
 12611 | D:10     | Killed a centaur warrior
 12988 | D:11     | Noticed a two-headed ogre
 12995 | D:11     | Killed a two-headed ogre
 13088 | D:11     | Reached skill level 10 in Fighting
 13088 | D:11     | Reached skill level 10 in Invocations
 13214 | D:11     | Reached XP level 12. HP: 100/107 MP: 19/19
 13339 | D:11     | Noticed a two-headed ogre
 13342 | D:11     | Killed a two-headed ogre
 13354 | D:11     | Noticed a two-headed ogre
 13367 | D:11     | Killed a two-headed ogre
 13368 | D:11     | Reached skill level 10 in Armour
 13454 | D:11     | Found a staircase to the Orcish Mines.
 13464 | D:11     | Found a roughly hewn altar of Beogh.
 13679 | D:11     | Found a staircase to the Lair.
 13913 | Lair:1   | Entered Level 1 of the Lair of Beasts
 14559 | Lair:2   | You are sucked into a shaft and drop 2 floors!
 14572 | Lair:2   | Noticed a death yak
 14572 | Lair:2   | Noticed a death yak
 14573 | Lair:2   | Found a shimmering blue altar of Sif Muna.
 14573 | Lair:2   | Noticed a death yak
 14573 | Lair:2   | Noticed a death yak
 14581 | Lair:2   | Killed a death yak
 14581 | Lair:2   | Noticed Aschurig's ghost (novice FeCj)
 14586 | Lair:2   | Killed a death yak
 14593 | Lair:2   | Killed a death yak
 14596 | Lair:2   | Killed a death yak
 14604 | Lair:2   | Reached **** piety under Qazlal
 14819 | Lair:2   | Reached XP level 13. HP: 117/119 MP: 22/22
 14916 | Lair:2   | Found a runed translucent gate.
 14917 | Lair:2   | Found a runed translucent gate.
 14918 | Lair:2   | Found a runed translucent gate.
 14970 | Lair:2   | Found a hole to the Spider Nest.
 15109 | Lair:2   | Got the Tome of the Noxious Compass
 15243 | Lair:2   | Found a staircase to the Swamp.
 16013 | Lair:3   | Reached skill level 1 in Dodging
 16614 | Lair:4   | Reached XP level 14. HP: 117/132 MP: 25/25
 16868 | Lair:4   | Reached skill level 17 in Axes
 17135 | Lair:4   | Reached skill level 15 in Invocations
 17657 | Lair:5   | Reached ***** piety under Qazlal
 17745 | Lair:5   | Noticed Sonja
 17747 | Lair:5   | Killed Sonja
 18309 | Lair:6   | Entered Level 6 of the Lair of Beasts
 18336 | Lair:5   | Reached skill level 18 in Axes
 18523 | Lair:6   | Reached skill level 15 in Fighting
 18526 | Lair:6   | Reached XP level 15. HP: 115/141 MP: 26/26
 18781 | Lair:6   | Found a viscous altar of Jiyva.
 18782 | Lair:6   | Found a staircase to the Slime Pits.
 18839 | Lair:6   | Noticed Nessos
 18848 | Lair:6   | Killed Nessos
 18909 | Lair:6   | Reached skill level 19 in Axes
 19226 | Lair:6   | Reached ****** piety under Qazlal
 19327 | Lair:6   | Reached skill level 5 in Dodging
 20240 | D:12     | Noticed Nergalle
 20267 | D:12     | Killed Nergalle
 20528 | D:12     | Found Dipraloph's Weapon Shoppe.
 20535 | D:12     | Bought a +0 short sword for 39 gold pieces
 20535 | D:12     | Bought the +7 battleaxe of Wuhujiqua {vorpal, rCorr} for
                  | 744 gold pieces
 20957 | D:13     | Found a runed translucent door.
 20957 | D:13     | Found a shimmering altar of Xom.
 20959 | D:13     | Noticed tilp's ghost (journeyman FeIE)
 21122 | D:13     | Reached skill level 20 in Axes
 21128 | D:13     | Reached XP level 16. HP: 145/151 MP: 28/28
 21153 | D:13     | Found a gate to the Vaults.
 21561 | D:13     | Identified a scroll of acquirement
 21561 | D:13     | Acquired the +0 pair of fencer's gloves {Riposte Dex+3}
 21561 | D:13     | Found the +0 pair of fencer's gloves {Riposte Dex+3}
 21571 | D:13     | Killed tilp's ghost
 21729 | Lair:2   | Killed Aschurig's ghost
 21856 | Orc:1    | Entered Level 1 of the Orcish Mines
 21998 | Orc:2    | Entered Level 2 of the Orcish Mines
 21998 | Orc:2    | Found a staircase to the Elven Halls.
 22099 | Orc:1    | Found Dicoodyl's Book Emporium.
 22139 | Orc:1    | Found Ifuiweny's General Store.
 22474 | Orc:2    | Found Muahim's Distillery.
 22482 | Orc:2    | Found Tokonahyps's General Store.
 22545 | Orc:2    | HP: 5/151 [orc warrior (11)]
 22550 | Orc:2    | Reached skill level 15 in Armour
 22990 | Orc:2    | Found Muowutab's Antique Armour Shoppe.
 22990 | Orc:2    | Found Jagog's Jewellery Emporium.
 22990 | Orc:2    | Found a one-way gate leading to the halls of Pandemonium.
 23288 | D:14     | Reached skill level 21 in Axes
 23296 | D:14     | Noticed Josephine
 23303 | D:14     | Killed Josephine
 23798 | D:14     | Found a white marble altar of Elyvilon.
 24124 | D:15     | Entered Level 15 of the Dungeon
 24429 | D:15     | Identified the +6 war axe of Vanity {venom, Will+ Str+2
                  | Dex+2}
 24612 | D:15     | Reached XP level 17. HP: 142/160 MP: 29/29
 24618 | D:15     | Found a staircase to the Depths.
 25021 | Spider:1 | Entered Level 1 of the Spider Nest
 25021 | Spider:1 | Noticed Asterion
 25027 | Spider:1 | Killed Asterion
 25031 | Spider:1 | Noticed Louise
 25031 | Spider:1 | Noticed Jorgrun
 25044 | Spider:1 | Killed Louise
 25054 | Spider:1 | Killed Jorgrun
 25433 | Spider:1 | Found a large runed translucent door.
 25433 | Spider:1 | Found a large runed translucent door.
 25434 | Spider:1 | Noticed Buesefypo's ghost (adept VSAM)
 25450 | Spider:1 | Reached skill level 22 in Axes
 25668 | Spider:1 | Killed Buesefypo's ghost
 25821 | Spider:1 | Noticed Azrael
 25829 | Spider:1 | Killed Azrael
 26365 | Spider:2 | Identified Roxanne's Guide on Moulding
 26365 | Spider:2 | Noticed Roxanne
 26575 | Spider:2 | Killed Roxanne
 27006 | Spider:2 | Found a runed translucent door.
 27006 | Spider:2 | Found a shimmering altar of Xom.
 27089 | Spider:2 | Noticed Xitiatz's ghost (journeyman DDFi)
 27331 | Spider:3 | Reached XP level 18. HP: 165/170 MP: 31/31
 27731 | Spider:4 | Entered Level 4 of the Spider Nest
 27746 | Spider:4 | Reached skill level 23 in Axes
 27753 | Spider:4 | Noticed Bai Suzhen
 28027 | Spider:4 | Killed Bai Suzhen
 28043 | Spider:4 | Paralysed by a hornet for 3 turns
 28975 | Spider:4 | Got a gossamer rune of Zot
 29264 | Swamp:1  | Entered Level 1 of the Swamp
 29291 | Swamp:1  | Noticed Mlioglotl
 29294 | Swamp:1  | Noticed Nikola
 29298 | Swamp:1  | Killed Mlioglotl
 29319 | Swamp:1  | Killed Nikola
 29852 | Swamp:2  | Noticed Kirke
 29856 | Swamp:2  | Reached skill level 24 in Axes
 29863 | Swamp:2  | Killed Kirke
 30420 | Swamp:3  | Reached XP level 19. HP: 169/179 MP: 32/32
 31019 | Swamp:4  | Entered Level 4 of the Swamp
 31468 | Swamp:4  | Got a decaying rune of Zot
 31799 | Elf:1    | Entered Level 1 of the Elven Halls
 31802 | Elf:1    | Reached skill level 25 in Axes
 32258 | Elf:1    | Reached XP level 20. HP: 113/191 MP: 34/34
 32418 | Elf:1    | Reached skill level 10 in Dodging
 33019 | Elf:2    | Paralysed by an air elemental for 1 turns
 33022 | Elf:2    | Paralysed by an air elemental for 1 turns
 33127 | Elf:2    | Paralysed by an air elemental for 1 turns
 33561 | Elf:2    | Found Pedig's Antique Armour Emporium.
 33568 | Elf:2    | Bought a glowing scarf for 264 gold pieces
 33886 | Elf:2    | Found a runed translucent gate.
 33886 | Elf:2    | Found a runed translucent gate.
 33887 | Elf:2    | Found a runed translucent gate.
 34217 | Elf:2    | Reached skill level 26 in Axes
 34691 | Elf:3    | Entered Level 3 of the Elven Halls
 34691 | Elf:3    | Found a shimmering blue altar of Sif Muna.
 35008 | Elf:3    | Found Coeher's Book Emporium.
 35009 | Elf:3    | Found Jareh's Jewellery Boutique.
 35010 | Elf:3    | Found Gypoawy's Book Emporium.
 35140 | Elf:3    | Noticed Donald
 35150 | Elf:3    | Killed Donald
 35939 | Elf:3    | Identified the +3 hand axe of Ruination {drain, rElec}
 36023 | Elf:3    | Identified the +2 morningstar of Watchfulness {drain,
                  | +Blink Fly Str+5}
 36068 | Elf:3    | Identified the +9 spear "Ovauv" {drain, Dex+3}
 36116 | Elf:3    | Noticed a Brimstone Fiend
 36124 | Elf:3    | Identified the +9 great sword of Offence {protect, rCorr
                  | Str+4}
 36138 | Elf:3    | Identified the amulet "Veatuem" {Reflect Int+6 SH+5}
 36687 | Elf:3    | Identified the +1 leather armour "Wyn Wada" {Int+2}
 36708 | Elf:3    | Reached XP level 21. HP: 151/199 MP: 35/35
 36839 | Elf:3    | Identified the ring "Omnunowo" {rElec rF- Str+6 Int+7
                  | Stlth-}
 36847 | Elf:3    | Identified the +2 cloak of the Valley {Regen+ Int+2 Dex+4}
 36855 | Elf:3    | Got the Disquisition on Beguiling and Weightlessness
 37178 | Vaults:1 | Entered Level 1 of the Vaults
 37624 | Vaults:1 | Reached skill level 27 in Axes
 38021 | Vaults:1 | Got Qalitas's Disquisition on Darkness
 38150 | Vaults:1 | Found Ophy's Antique Armour Shop.
 38158 | Vaults:1 | Bought a pair of steaming boots for 351 gold pieces
 38158 | Vaults:1 | Identified the +0 pair of boots "Hotoi" {Harm rF+} (You
                  | bought it in a shop on level 1 of the Vaults)
 38689 | Vaults:2 | Noticed Mennas
 38701 | Vaults:2 | Killed Mennas
 38929 | Vaults:2 | Found Gozag's Antique Weapon Emporium.
 38936 | Vaults:2 | Found an opulent altar of Gozag.
 38936 | Vaults:2 | Found Gozag's Antique Armour Emporium.
 38997 | Vaults:2 | Found Gozag's Antique Weapon Shoppe.
 39149 | Vaults:2 | Noticed a golden dragon
 39596 | Vaults:2 | Reached XP level 22. HP: 86/211 MP: 37/37
 40112 | Vaults:3 | Reached skill level 1 in Evocations
 40492 | Vaults:3 | Found a staircase to the Crypt.
 41492 | Vaults:4 | Noticed Margery
 41504 | Vaults:4 | Killed Margery
 41523 | Vaults:4 | HP: 6/212 [war gargoyle[a peacekeeper] (40)]
 41523 | Vaults:4 | HP: 1/199 [war gargoyle[a peacekeeper] (5)]
 41548 | Vaults:4 | Found Gexa's Armour Emporium.
 41579 | Vaults:4 | Found a magical portal.
 41609 | WizLab   | Entered Tukima's Studio
 41654 | WizLab   | Reached skill level 5 in Evocations
 41667 | WizLab   | Noticed kae's illusion
 41681 | WizLab   | Reached XP level 23. HP: 153/222 MP: 33/38
 41696 | WizLab   | Noticed kae's illusion
 41705 | WizLab   | HP: 8/222 [rakshasa (illusionary) (4)]
 41706 | WizLab   | Killed from afar by a rakshasa

Illustrated notes

Levels and vault maps discovered:
D:1:      evilmike_arrival_hilbert_curve, layout_loops_ring,
          chequers_mini_garden, chequers_serial_rivers_small_3
D:2:      layout_loops_corners, hellmonk_ecumenical_altar_run_dry,
          wad_floor_pattern_2
D:3:      layout_rooms, uniq_robin
D:4:      layout_basic
D:5:      layout_gridville, temple_fountains, enter_ossuary_1, uniq_eustachio
D:6:      layout_layer_cave, grunt_ministairs_8, sigmund_army
D:7:      layout_basic, minivault_4, the_hattery
D:8:      layout_basic, nicolae_ru_great_annihilating_truth, serial_shops,
          nicolae_shop_waterfront, solitary_fountain, uniq_harold
D:9:      layout_stronghold, serial_shops, nicolae_take_the_stairs
D:10:     layout_stronghold, enter_bailey_6
D:11:     layout_roguey, lair_entry_dummy, minmay_orc_entry_temple_small
D:12:     layout_basic, serial_shops, nicolae_diamond_shop, uniq_nergalle
D:13:     layout_basic, erik_vaults_1, ebering_ghost_xom
D:14:     layout_basic, elyvilon_altar_5, uniq_josephine
D:15:     gammafunk_enter_depths_forms, layout_basic, minivault_11
Temple:   mainiacjoe_temple_circle_huts
Lair:1:   layout_cave_shapes, patterned_corridor
Lair:2:   layout_regular_city, skrybe_swamp_entry_bodies, dummy_spider_entry,
          gammafunk_ghost_split, basic_altar
Lair:3:   nzn_winding_woodlands_medium [nzn_winding_woodlands_5x5_open_star,
          nzn_winding_woodlands_5x15_river_crossing,
          nzn_winding_woodlands_5x5_three,
          nzn_winding_woodlands_5x5_checkerboard,
          nzn_winding_woodlands_center_pierced_h,
          nzn_winding_woodlands_5x5_perimeter,
          nzn_winding_woodlands_5x5_default, nzn_winding_woodlands_5x15_cabin,
          nzn_winding_woodlands_5x5_default], layout_small_grid
Lair:4:   minmay_lair_venomous_thicket, layout_regular_city
Lair:5:   layout_roguey, serial_bayou_pond_c, uniq_sonja
Lair:6:   minmay_lair_end_enchanted_forest, layout_regular_city, slime_altar_1,
          minmay_shattered_shrine, uniq_nessos
Swamp:1:  layout_basic_swamp, serial_swamp_ruin, evilmike_swamp_ruin_house_5,
          evilmike_swamp_ruin_house_4, swamp_pool5, uniq_nikola, uniq_mlioglotl
Swamp:2:  layout_basic_swamp, nicolae_swamp_feature_on_the_river_bank,
          uniq_kirke
Swamp:3:  layout_basic_swamp, hangedman_swamp_pad, hangedman_swamp_dais,
          infiniplex_staircase_pool
Swamp:4:  swamp_fiery, layout_basic_swamp
Spider:1: layout_spider_delve, ebering_ghost_disaster_area, uniq_louise,
          uniq_asterion, uniq_jorgrun, uniq_azrael
Spider:2: layout_spider_delve, ebering_ghost_xom, uniq_roxanne
Spider:3: layout_spider_delve
Spider:4: grunt_spider_rune_circles, hangedman_spider_tarantella_strand,
          uniq_bai_suzhen
Orc:1:    layout_diamond_mine, serial_shops, shop, shop
Orc:2:    pf_orc_diabolical, layout_caves
Elf:1:    elf_arrival_002, layout_geoelf_octagon, hangedman_elf_represent
Elf:2:    nicolae_elf_blades_splatter_lattice [infiniplex_blade_entry_pillars],
          layout_loops_cross, serial_shops, shop_statue
Elf:3:    elf_hall_gauntlet_narrow, layout_geoelf_diagonals, basic_altar,
          minmay_shop_grove, uniq_donald
Vaults:1: v_pattern_3, v_alt_pattern_5, nicolae_vaults_murderbox, v_rooms_6,
          vaults_room_corners, nicolae_vaults_alarming, layout_vaults_omnigrid,
          serial_shops, shop
Vaults:2: grunt_vaults_bifocal, hangedman_vaults_stretched_pinwheel, v_misc_1,
          v_misc_28, kennysheep_vaults_gozag_temple,
          nicolae_vaults_windows_and_doors_thing, hangedman_vaults_river_flow,
          nicolae_vaults_specimen_jars, v_alt_pattern_1, nicolae_vaults_big_ls,
          v_alt_pattern_2, vaults_room_stairs_pillars, layout_vaults_omnibox,
          uniq_mennas
Vaults:3: grunt_vaults_swirl, minmay_crypt_entry_simple_plaza,
          vaults_standard_mumra_lines, ontoclasm_vaults_decontamination,
          nicolae_vaults_shelves_hall, v_misc_8, v_misc_31,
          hangedman_vaults_snaps, ontoclasm_vaults_bender,
          nicolae_vaults_network_quinsquares
          [nicolae_vaults_network_quincunx_subvault,
          nicolae_vaults_network_quincunx_subvault,
          nicolae_vaults_network_quincunx_subvault,
          nicolae_vaults_network_quincunx_subvault], v_misc_15,
          ontoclasm_vaults_spin, vaults_room_hallway,
          grunt_vaults_hallway_short, nicolae_vaults_ring_of_whatevers,
          layout_vaults_big_room
Vaults:4: mu_enter_wizlab_5, vaults_mumra_minichess_inversion,
          grunt_vaults_funnel, v_misc_28, hangedman_vaults_restitches,
          nicolae_vaults_triangles, vaults_room_semicircle,
          ontoclasm_vaults_gateway, dpeg_vaults_monster_box,
          layout_vaults_maze_snakey, serial_shops, shop, uniq_margery
WizLab:   wizlab_tukima

Skill      XL: |  1  2  3  4  5  6  7  8  9 10 11 12 13 14 15 16 17 18 19 20 21 22 |
---------------+-------------------------------------------------------------------+-----
Axes           | 3 5 6 7 9 11 14 16 18 20 21 22 24 25 26 27 | 27.0
Shields        | 4 |  4.0
Invocations    | 4 7 10 12 14 15 16 17 18 19 20 21 22 23 | 23.2
Fighting       | 5 8 10 12 14 15 16 17 18 19 20 21 | 21.7
Armour         | 5 7 9 11 12 13 14 15 16 17 18 19 20 | 20.1
Dodging        | 1 4 5 6 8 9 10 11 12 | 12.7
Evocations     | 5 |  5.2

Action                   |  1- 3 |  4- 6 |  7- 9 | 10-12 | 13-15 | 16-18 | 19-21 | 22-24 || total
-------------------------+-------+-------+-------+-------+-------+-------+-------+-------++-------
Melee: War axe           |    95 |    68 |   225 |   510 |   920 |       |       |       ||  1818
       Bite              |     2 |     7 |    29 |    67 |   142 |   145 |   160 |    76 ||   628
       Battleaxe         |       |       |       |       |    24 |  1001 |  1039 |   352 ||  2416
Invok: Upheaval          |       |       |       |     7 |     6 |     1 |       |     1 ||    15
Evoke: Wand              |       |       |     1 |    13 |     3 |       |       |       ||    17
  Use: Scroll            |     3 |     2 |     5 |     9 |     3 |     3 |     1 |     1 ||    27
       Potion            |     1 |     3 |       |     4 |       |     2 |       |     4 ||    14
 Stab: Paralysed         |       |       |       |     1 |       |       |       |       ||     1
Armor: Scale mail        |    50 |    15 |       |    43 |       |       |       |       ||   108
       Chain mail        |       |    15 |    80 |    21 |       |       |       |       ||   116
       Gold dragon scale |       |       |       |   108 |   435 |   602 |   430 |   111 ||  1686
Dodge: Dodged            |    46 |    28 |    59 |    94 |   167 |   265 |   262 |    82 ||  1003
       Repelled          |       |       |       |       |     1 |     6 |    20 |     5 ||    32
Block: Buckler           |    19 |    19 |    56 |   231 |   522 |       |       |       ||   847
       Reflection        |       |       |     1 |     2 |       |       |     8 |    12 ||    23
       Other             |       |       |       |       |     7 |   267 |   301 |   117 ||   692
       Rpst.: Battleaxe  |       |       |       |       |       |    53 |    45 |    14 ||   112

Table legend: (Time is in decaauts)
 A = Elapsed time spent in this place.
 B = Non-inter-level travel time spent in this place.
 C = Inter-level travel time spent in this place.
 D = Time resting spent in this place.
 E = Time spent auto-exploring this place.
 F = Levels seen in this place.
 G = Mean time per level.
                   A        B        C        D        E       F      G
               +--------+--------+--------+--------+--------+-----+--------+
         Total |  40614 |  38176 |   2438 |   3172 |  28023 |  42 |  967.0 |
       Dungeon |  15126 |  14037 |   1089 |    394 |  11750 |  15 | 1008.4 |
        Temple |    342 |    298 |     44 |      0 |    277 |   1 |  342.0 |
          Lair |   6019 |   5703 |    316 |    323 |   4208 |   6 | 1003.2 |
         Swamp |   2361 |   2224 |    137 |    155 |   1657 |   4 |  590.2 |
   Spider Nest |   3989 |   3756 |    233 |    651 |   2303 |   4 |  997.2 |
  Orcish Mines |   1395 |   1263 |    132 |     75 |    870 |   2 |  697.5 |
   Elven Halls |   4974 |   4554 |    420 |   1328 |   2330 |   3 | 1658.0 |
        Vaults |   4236 |   4173 |     63 |    118 |   3161 |   4 | 1059.0 |
       Ossuary |   1347 |   1347 |      0 |     18 |   1138 |   1 | 1347.0 |
        Bailey |    742 |    742 |      0 |    110 |    328 |   1 |  742.0 |
        Wizlab |     78 |     78 |      0 |      0 |      0 |   1 |   78.0 |
               +--------+--------+--------+--------+--------+-----+--------+

Top non-repeatable levels by time:
   Elf:3: 2189 daAuts
     D:6: 1596 daAuts
     D:7: 1496 daAuts
Vaults:2: 1474 daAuts
   Elf:1: 1420 daAuts
  Lair:6: 1378 daAuts
   Elf:2: 1364 daAuts
 Ossuary: 1347 daAuts
Vaults:3: 1316 daAuts
    D:11: 1272 daAuts
Vaults:1: 1262 daAuts
     D:5: 1227 daAuts
     D:2: 1193 daAuts
Spider:4: 1100 daAuts
     D:1: 1079 daAuts
